cohdb
Replays
Latest Replays
All Replays
Popular Replays
Top Player Replays
Match Explorer
How It Works
Community
CoH3 Stats
Reddit
Sign in to upload your games and track your stats! →
Sign in with Steam
Match 42612606
Unlisted
Match 42612606
Overview
Messages
Build Orders
End
Royal Engineer Section
Construct Section Command Post
Dingo Light Scout Car
Infantry Section
Infantry Section
Selects Australian Defense Battlegroup
Selects Australian Light Infantry Section
Construct Platoon Command Post
Humber Armored Car
ML 3-inch Mortar Team
Selects 2-pounder Anti-tank Gun Team
2-pounder Anti-tank Gun Team
Construct Field Infirmary
Australian Light Infantry Section
2-pounder Anti-tank Gun Team
Selects Vehicle Over Repair
Jarl
Kitsuné
0
0
Comments
sign in to comment!
No comments posted yet!